 Dungeon Crawl Stone Soup version 0.23-a0-295-g2e428d4 (webtiles) character file.

20 nikopol the Magician (level 2, 0/15 HPs)
             Began as a Deep Elf Fire Elementalist on Oct 4, 2018.
             Slain by Natasha (7 damage)
             ... on level 1 of the Dungeon.
             The game lasted 00:01:58 (743 turns).

nikopol the Magician (Deep Elf Fire Elementalist)    Turns: 743, Time: 00:01:59

Health: 0/15       AC:  2    Str:  5    XL:     2   Next: 58%
Magic:  6/8        EV: 13    Int: 19    God:
Gold:   67         SH:  0    Dex: 15    Spells: 7/8 levels left

rFire    . . .     SeeInvis .   (no weapon)
rCold    . . .     Gourm    .   (no shield)
rNeg     . . .     Faith    .   a - +0 robe
rPois    .         Spirit   .   (no helmet)
rElec    .         Reflect  .   (no cloak)
rCorr    .         Harm     .   (no gloves)
MR       .....                  (no boots)
Stlth    ++........             (no amulet)
HPRegen  0.05/turn              (no ring)
MPRegen  0.11/turn              (no ring)

@: no status effects
A: no striking features
a: no special abilities


You were on level 1 of the Dungeon.
You were not hungry.

You visited 1 branch of the dungeon, and saw 2 of its levels.

You collected 67 gold pieces.

Inventory:

Armour
 a - a +0 robe (worn)
Scrolls
 d - 2 scrolls of amnesia {unknown}
 e - a scroll of immolation {unknown}
 g - a scroll of identify {unknown}
Potions
 b - a potion of agility {unknown}
Comestibles
 c - 2 rations


   Skills:
 + Level 2.6 Dodging
 + Level 3.0 Stealth
 + Level 3.6 Spellcasting
 + Level 1.2 Conjurations
 + Level 3.5 Fire Magic


You had 7 spell levels left.
You knew the following spells:

 Your Spells              Type           Power        Failure   Level  Hunger
a - Flame Tongue          Conj/Fire      ##...        5%          1    None

Your spell library contained the following spells:

 Spells                   Type           Power        Failure   Level  Hunger
 Throw Flame              Conj/Fire      ##....       9%          2    ##.....
 Conjure Flame            Conj/Fire      ##......     16%         3    ###....
 Inner Flame              Hex/Fire       ##......     21%         3    ###....
 Sticky Flame             Conj/Fire      ##......     47%         4    ####...
 Fireball                 Conj/Fire      ##........   83%         5    ######.


Dungeon Overview and Level Annotations

Branches:
Dungeon (2/15)

Altars:

Annotations:
D:1 Natasha


Message History

The goblin barely misses you. Natasha claws you!
Ouch! That really hurt!
The goblin misses you.
Natasha mumbles some strange words.
You feel yourself speed up.
The shadow imp shouts, "Return whence thou came, thou paunchy weeb-spouting Natasha barely misses you.
The goblin misses you.
There is an open door here.
Natasha mumbles some strange words.
Natasha glows brightly for a moment.
Casting: Flame Tongue (safe; 5% risk of failure)
Confirm with . or Enter, or press ? or * to list all spells.
Aiming: Flame Tongue (safe; 5% risk of failure)
Press: ? - help, Shift-Dir - straight line, f - Natasha
Aim: Natasha (moderately wounded)
The flame tongue hits Natasha.
Natasha is moderately wounded.
Natasha claws you!
You die...

##### #####...## #####
#........# ###...###........#
#.......#........##
#..>..5gh@........#
#.......#.........##
#.......#####...#..#
#######.......# #...##.#######
#.....'.......# ##...##........
#.#####.......# #..............
#.#...#.......# #..............
#.##..#.......####..............
#.##..###(.......'..............


You could see Natasha, a shadow imp and a goblin.

Vanquished Creatures
  2 leopard geckos
  2 ball pythons (D:1)
  A giant cockroach (D:1)
  4 goblins
  2 kobolds (D:1)
  A bat (D:1)
  3 frilled lizards (D:1)
  3 rats (D:1)
18 creatures vanquished.

Notes
Turn   | Place    | Note
-------+----------+-------------------------------------------
     0 | D:1      | nikopol the Deep Elf Fire Elementalist began the quest for
                  | the Orb.
     0 | D:1      | Reached XP level 1. HP: 10/10 MP: 6/6
   140 | D:1      | Reached XP level 2. HP: 15/15 MP: 5/8
   722 | D:2      | Noticed Natasha
   743 | D:1      | Slain by Natasha

Vault maps used:
D:1:      onia_arrival_handbag
D:2:      uniq_natasha

Skill      XL: |  1  2 |
---------------+-------+-----
Stealth        | 3 |  3.0
Dodging        | |  2.6
Spellcasting   | |  3.6
Conjurations   | |  1.2
Fire Magic     | |  3.5

Action                   || total
-------------------------++-------
Melee: Unarmed           ||     1
 Cast: Flame Tongue      ||    24
Armor: Robe              ||     2
Dodge: Dodged            ||    14

Table legend:
 A = Non-vault XP
 B = Vault XP
 C = Vault XP percentage of total XP
 D = Non-vault monster count
 E = Vault monster count
 F = Vault count percentage of total count
                 A         B        C        D         E       F
            +---------+---------+-------+---------+---------+-------
      Total |      23 |       6 |  20.7 |      14 |       4 |  22.2
            +---------+---------+-------+---------+---------+-------
        D:1 |      18 |       6 |  25.0 |      12 |       4 |  25.0
        D:2 |       5 |       0 |   0.0 |       2 |       0 |   0.0
            +---------+---------+-------+---------+---------+-------
